PAAA
ROYSE CITY TARGARYENS @ GRYFINDOR BRAVES
05/21/2026
 
TOP OF THE 1ST
Royse City Targaryens batting - Pitching for Gryfindor Braves : RHP Kenny Koehler
Pitching: RHP Kenny Koehler
Batting: RHB Miguel Uribe 0-0: Ball
1-0: Swinging Strike
1-1: Ground out U3 (Groundball, 34)
Batting: RHB Nate Cates 0-0: Called Strike
0-1: Foul Ball, location: 2F
0-2: Ball
1-2: Ball
2-2: Ground out 5-3 (Groundball, 56)
Batting: LHB Cisco Padilla 0-0: Ball
1-0: Swinging Strike
1-1: Ball
2-1: Fly out, F6 (Flyball, 6MD)
Top of the 1st over - 0 run(s), 0 hit(s), 0 error(s), 0 left on base; Royse City 0 - Gryfindor 0
BOTTOM OF THE 1ST
Gryfindor Braves batting - Pitching for Royse City Targaryens : LHP Kaluka Wene
Pitching: LHP Kaluka Wene
Batting: RHB Jesús Cisneros 0-0: Ground out 6-3 (Groundball, 6)
Batting: RHB Steve Duncan 0-0: Called Strike
0-1: Foul Ball, location: 2F
0-2: Ground out 1-3 (Groundball, 13S)
Batting: SHB Salvador Trevino 0-0: Foul Ball, location: 2F
0-1: Ground out 6-3 (Groundball, 56)
Bottom of the 1st over - 0 run(s), 0 hit(s), 0 error(s), 0 left on base; Royse City 0 - Gryfindor 0
TOP OF THE 2ND
Royse City Targaryens batting - Pitching for Gryfindor Braves : RHP Kenny Koehler
Batting: RHB Tomás Martínez 0-0: Ball
1-0: SINGLE (Line Drive, 7S)
Batting: LHB José Vargas 0-0: Called Strike
0-1: Ball
1-1: Ball
2-1: Ball
3-1: Called Strike
3-2: Fly out, F9 (Flyball, 9LSF)
Batting: LHB Jon Baxter 0-0: Foul Ball, location: 2F
0-1: Ball
1-1: Swinging Strike
1-2: Strikes out swinging
Batting: RHB Bruce Ingilby 0-0: Ball
1-0: Called Strike
1-1: Ball
2-1: Foul Ball, location: 2F
2-2: Ground out 1-3 (Groundball, 15S)
Top of the 2nd over - 0 run(s), 1 hit(s), 0 error(s), 1 left on base; Royse City 0 - Gryfindor 0
BOTTOM OF THE 2ND
Gryfindor Braves batting - Pitching for Royse City Targaryens : LHP Kaluka Wene
Batting: LHB José Corona 0-0: Ball
1-0: Ball
2-0: Foul Ball, location: 2F
2-1: Ball
3-1: Foul Ball, location: 2F
3-2: Strikes out swinging
Batting: RHB Raúl Reyna 0-0: Fly out, F6 (Line Drive, 6)
Batting: RHB Ernesto Souza 0-0: Swinging Strike
0-1: Ball
1-1: Fly out, F8 (Flyball, 8LS)
Bottom of the 2nd over - 0 run(s), 0 hit(s), 0 error(s), 0 left on base; Royse City 0 - Gryfindor 0
TOP OF THE 3RD
Royse City Targaryens batting - Pitching for Gryfindor Braves : RHP Kenny Koehler
Batting: LHB Jorge Garza 0-0: Foul Ball, location: 2F
0-1: Called Strike
0-2: Fly out, F3 (Popup, 3S)
Batting: LHB Phil Parkinson 0-0: Called Strike
0-1: Ball
1-1: Ground out 4-3 (Groundball, 4M)
Batting: RHB Miguel Uribe 0-0: SINGLE (Groundball, 6MD)
Batting: RHB Nate Cates 0-0: Ball
1-0: Ball
2-0: Ball
3-0: Called Strike
3-1: Base on Balls
Miguel Uribe to second
Batting: LHB Cisco Padilla 0-0: Called Strike
0-1: Ball
1-1: Swinging Strike
1-2: Ball
2-2: Foul Ball, location: 2F
2-2: Fielders Choice at 2nd, 4-6 (Groundball, 4)
Top of the 3rd over - 0 run(s), 1 hit(s), 0 error(s), 1 left on base; Royse City 0 - Gryfindor 0
BOTTOM OF THE 3RD
Gryfindor Braves batting - Pitching for Royse City Targaryens : LHP Kaluka Wene
Batting: SHB Arturo Romero 0-0: Foul Ball, location: 2F
0-1: Ground out 5-3 (Groundball, 56)
Batting: RHB Bob McNeil 0-0: Called Strike
0-1: Ball
1-1: Swinging Strike
1-2: Ball
2-2: Foul Ball, location: 2F
2-2: Ball
3-2: Base on Balls
Batting: SHB Emílio Gonzáles 0-0: Called Strike
0-1: Ball
1-1: Called Strike
1-2: Ball
2-2: Fly out, F7 (Flyball, 7)
Batting: RHB Jesús Cisneros 0-0: Ball
1-0: Ball
Wild Pitch!
Bob McNeil to second
2-0: Called Strike
2-1: SINGLE (Flyball, 9LS)
Bob McNeil to third
Batting: RHB Steve Duncan 0-0: Ball
1-0: Called Strike
1-1: Ball
2-1: Fly out, F8 (Line Drive, 8LS)
Bottom of the 3rd over - 0 run(s), 1 hit(s), 0 error(s), 2 left on base; Royse City 0 - Gryfindor 0
TOP OF THE 4TH
Royse City Targaryens batting - Pitching for Gryfindor Braves : RHP Kenny Koehler
Batting: RHB Tomás Martínez 0-0: Foul Ball, location: 2F
0-1: Swinging Strike
0-2: Ball
1-2: Strikes out swinging
Batting: LHB José Vargas 0-0: Called Strike
0-1: Called Strike
0-2: Ball
1-2: Fly out, F8 (Flyball, 8RM)
Batting: LHB Jon Baxter 0-0: Ball
1-0: Ground out 1-3 (Groundball, 13)
Top of the 4th over - 0 run(s), 0 hit(s), 0 error(s), 0 left on base; Royse City 0 - Gryfindor 0
BOTTOM OF THE 4TH
Gryfindor Braves batting - Pitching for Royse City Targaryens : LHP Kaluka Wene
Batting: SHB Salvador Trevino 0-0: Swinging Strike
0-1: Swinging Strike
0-2: Ground out 4-3 (Groundball, 4M)
Batting: LHB José Corona 0-0: Fly out, F5 (Line Drive, 56)
Batting: RHB Raúl Reyna 0-0: Ball
1-0: Foul Ball, location: 2F
1-1: Called Strike
1-2: Ball
2-2: Foul Ball, location: 2F
2-2: Strikes out swinging
Bottom of the 4th over - 0 run(s), 0 hit(s), 0 error(s), 0 left on base; Royse City 0 - Gryfindor 0
TOP OF THE 5TH
Royse City Targaryens batting - Pitching for Gryfindor Braves : RHP Kenny Koehler
Batting: RHB Bruce Ingilby 0-0: Called Strike
0-1: SINGLE (Line Drive, 9S)
Batting: LHB Jorge Garza 0-0: Ball
1-0: Bunted foul
1-1: Ball
2-1: Sac Bunt - play at second, runner OUT -> throw to first, DP!
Batting: LHB Phil Parkinson 0-0: Called Strike
0-1: Ball
1-1: Ball
2-1: Called Strike
2-2: SINGLE (Flyball, 7LS)
Pitching: RHP Casey Dagher
Batting: RHB Miguel Uribe 0-0: Fly out, F8 (Flyball, 8LM)
Top of the 5th over - 0 run(s), 2 hit(s), 0 error(s), 1 left on base; Royse City 0 - Gryfindor 0
BOTTOM OF THE 5TH
Gryfindor Braves batting - Pitching for Royse City Targaryens : LHP Kaluka Wene
Batting: RHB Ernesto Souza 0-0: Foul Ball, location: 2F
0-1: Fly out, F8 (Flyball, 8LM)
Batting: SHB Arturo Romero 0-0: Called Strike
0-1: Ball
1-1: Swinging Strike
1-2: Strikes out swinging
Batting: RHB Bob McNeil 0-0: Called Strike
0-1: SINGLE (Groundball, 6MD)
Batting: SHB Emílio Gonzáles 0-0: Called Strike
0-1: Ball
1-1: Called Strike
1-2: Fielders Choice at 2nd, 6-4 (Groundball, 6)
Bottom of the 5th over - 0 run(s), 1 hit(s), 0 error(s), 0 left on base; Royse City 0 - Gryfindor 0
TOP OF THE 6TH
Royse City Targaryens batting - Pitching for Gryfindor Braves : RHP Casey Dagher
Batting: RHB Nate Cates 0-0: DOUBLE (Groundball, 3L)
Batting: LHB Cisco Padilla 0-0: Ball
1-0: Foul Ball, location: 2F
1-1: Foul Ball, location: 2F
1-2: Strikes out swinging
Batting: RHB Tomás Martínez 0-0: Ball
1-0: Called Strike
1-1: Ball
2-1: Called Strike
2-2: Strikes out looking
Batting: LHB José Vargas 0-0: Foul Ball, location: 2F
0-1: Ball
1-1: Foul Ball, location: 2F
1-2: Ground out 6-3 (Groundball, 6)
Top of the 6th over - 0 run(s), 1 hit(s), 0 error(s), 1 left on base; Royse City 0 - Gryfindor 0
BOTTOM OF THE 6TH
Gryfindor Braves batting - Pitching for Royse City Targaryens : LHP Kaluka Wene
Batting: RHB Jesús Cisneros 0-0: Swinging Strike
0-1: Ball
1-1: Ground out U3 (Groundball, 3L)
Batting: RHB Steve Duncan 0-0: Swinging Strike
0-1: Called Strike
0-2: Foul Ball, location: 2F
0-2: Strikes out swinging
Batting: SHB Salvador Trevino 0-0: Swinging Strike
0-1: Ball
1-1: Ball
2-1: DOUBLE (Groundball, 3L)
Batting: LHB José Corona 0-0: Called Strike
0-1: Ball
1-1: Ball
Wild Pitch!
Salvador Trevino to third
2-1: Ball
3-1: Base on Balls
Batting: RHB Raúl Reyna 0-0: Ball
1-0: SINGLE (Line Drive, 9S)
Salvador Trevino scores
José Corona to second
Batting: RHB Ernesto Souza 0-0: Ball
1-0: Foul Ball, location: 2F
1-1: Swinging Strike
1-2: Ball
2-2: Fly out, F9 (Flyball, 9D)
Bottom of the 6th over - 1 run(s), 2 hit(s), 0 error(s), 2 left on base; Royse City 0 - Gryfindor 1
TOP OF THE 7TH
Royse City Targaryens batting - Pitching for Gryfindor Braves : RHP Casey Dagher
Batting: LHB Jon Baxter 0-0: Ball
1-0: Ball
2-0: Ball
3-0: Base on Balls
Batting: RHB Bruce Ingilby 0-0: Ball
Jon Baxter is caught stealing 2nd base
1-0: Called Strike
1-1: Ball
2-1: Foul Ball, location: 2F
2-2: Foul Ball, location: 2F
2-2: Foul Ball, location: 2F
2-2: Ball
3-2: Base on Balls
Batting: LHB Jorge Garza 0-0: Called Strike
0-1: Foul Ball, location: 2F
0-2: Fly out, F9 (Flyball, 9LS)
Pinch Hitting: LHB Carl Duncan 0-0: Ball
1-0: Ball
2-0: Fly out, F7 (Flyball, 7)
Top of the 7th over - 0 run(s), 0 hit(s), 0 error(s), 1 left on base; Royse City 0 - Gryfindor 1
BOTTOM OF THE 7TH
Gryfindor Braves batting - Pitching for Royse City Targaryens : LHP Kaluka Wene
Now at SS: Jason Compton
Batting: SHB Arturo Romero 0-0: Fly out, F4 (Popup, 34S)
Batting: RHB Bob McNeil 0-0: Called Strike
0-1: Swinging Strike
0-2: Strikes out swinging
Batting: SHB Emílio Gonzáles 0-0: Fly out, F8 (Flyball, 8LS)
Bottom of the 7th over - 0 run(s), 0 hit(s), 0 error(s), 0 left on base; Royse City 0 - Gryfindor 1
TOP OF THE 8TH
Royse City Targaryens batting - Pitching for Gryfindor Braves : RHP Casey Dagher
Pitching: RHP Travis Carson
Batting: RHB Miguel Uribe 0-0: Ball
1-0: Called Strike
1-1: Swinging Strike
1-2: Ball
2-2: Strikes out looking
Batting: RHB Nate Cates 0-0: Swinging Strike
0-1: Ball
1-1: Ball
2-1: Ball
3-1: Foul Ball, location: 2F
3-2: Base on Balls
Pitching: RHP Biff Tannen
Batting: LHB Cisco Padilla 0-0: Ball
1-0: Swinging Strike
1-1: Swinging Strike
1-2: Foul Ball, location: 2F
1-2: Ground out 3-1 (Groundball, 34)
Nate Cates to second
Batting: RHB Tomás Martínez 0-0: Ball
1-0: Called Strike
1-1: Ball
2-1: Foul Ball, location: 2F
2-2: Ball
3-2: Base on Balls
Batting: LHB José Vargas 0-0: Ball
1-0: Ball
2-0: Swinging Strike
2-1: Foul Ball, location: 2F
2-2: Strikes out swinging
Top of the 8th over - 0 run(s), 0 hit(s), 0 error(s), 2 left on base; Royse City 0 - Gryfindor 1
BOTTOM OF THE 8TH
Gryfindor Braves batting - Pitching for Royse City Targaryens : LHP Kaluka Wene
Batting: RHB Jesús Cisneros 0-0: Swinging Strike
0-1: Ball
1-1: Foul Ball, location: 2F
1-2: Ball
2-2: Foul Ball, location: 2F
2-2: Foul Ball, location: 2F
2-2: Strikes out swinging, 2-3 out at first.
Batting: RHB Steve Duncan 0-0: Ball
1-0: Ball
2-0: Swinging Strike
2-1: Foul Ball, location: 2F
2-2: Ground out 6-3 (Groundball, 6)
Batting: SHB Salvador Trevino 0-0: Swinging Strike
0-1: Called Strike
0-2: Foul Ball, location: 2F
0-2: Ball
1-2: Fly out, F9 (Flyball, 89D)
Bottom of the 8th over - 0 run(s), 0 hit(s), 0 error(s), 0 left on base; Royse City 0 - Gryfindor 1
TOP OF THE 9TH
Royse City Targaryens batting - Pitching for Gryfindor Braves : RHP Biff Tannen
Pitching: LHP Dorian Daly
Pinch Hitting: RHB Javier Chávez 0-0: SINGLE (Groundball, 4MD)
Batting: RHB Bruce Ingilby 0-0: Ball
1-0: Sac Bunt - play at first, batter OUT! 2-4
Javier Chávez to second
Pinch Hitting: RHB Gil Moore 0-0: Ball
1-0: Ball
2-0: Called Strike
2-1: Foul Ball, location: 2F
2-2: Ball
3-2: Base on Balls
Batting: RHB Jason Compton 0-0: Called Strike
0-1: Called Strike
0-2: Strikes out looking
Batting: RHB Miguel Uribe 0-0: Called Strike
0-1: Fielders Choice at 2nd, 5-4 (Groundball, 5)
Top of the 9th over - 0 run(s), 1 hit(s), 0 error(s), 1 left on base; Royse City 0 - Gryfindor 1
Monday, March 20th, 2017 - OOTP Baseball 17.12 Build 75